Map: King's Cove LE

Players

pHARM

  • Race: Zerg Zerg
  • League: Platinum
  • Spawn Location: 5:00

Dzy - Winner!

  • Race: Protoss Protoss
  • League: Diamond
  • Spawn Location: 11:00

VOD

Have the link to the VOD?

Description

Time

  • Played on: June 29, 2019, 5:18 p.m.
  • Length: 8:32
Show
View Real Time Build Order
Export as new Build Order

pHARM Zerg 

Build Orders: Hatch First 

Get SALT Encoding   

  12  0:01  Drone  
  13  0:14  Drone  
  13  0:18  Overlord  
  14  0:37  Drone x2  
  16  0:52  Hatchery  
  15  1:01  Drone x3  
  18  1:12  Drone  
  18  1:17  Extractor  
  18  1:35  Spawning Pool  
  18  1:36  Drone x2  
  20  1:54  Drone  
  20  2:01  Drone  
  20  2:06  Drone  
  20  2:07  Drone  
  23  2:44  Queen x2  
  21  2:51  Roach Warren  
  24  3:18  Overlord  
  24  3:19  Queen  
  26  3:35  Roach  
  26  3:36  Roach x4  
  36  4:01  Overlord x2  
  36  4:04  Lair  
  36  4:08  Extractor  
  35  4:25  Ravager x2  
  37  4:53  Ravager  
  38  5:04  Ravager  
  39  5:57  Roach  
  39  5:58  Roach x2  
  45  6:08  Ravager  
  46  6:27  Nydus Network  
  42  7:07  Nydus Canal  
  44  7:08  Roach  
  44  7:09  Overlord, Roach  
  43  7:31  Roach x2  
  47  7:40  Spine Crawler x2  
  47  7:41  Spine Crawler  
  52  8:28  Infestation Pit  
Show
View Real Time Build Order
Export as new Build Order

Dzy Protoss - Winner!

Build Orders:  

Get SALT Encoding   

  1  0:00  Probe  
  12  0:05  Probe  
  14  0:15  Probe  
  15  0:24  Pylon  
  15  0:42  Probe  
  16  0:43  Forge  
  16  0:54  Probe  
  17  0:59  Gateway  
  17  1:02  Probe  
  17  1:10  Probe  
  18  1:17  Photon Cannon  
  19  1:20  Probe  
  19  1:21  Assimilator  
  21  1:32  Probe  
  21  1:44  Pylon  
  21  1:50  Pylon  
  21  2:10  Photon Cannon x2  
  21  2:13  Pylon  
  21  2:18  Photon Cannon  
  21  2:28  Photon Cannon  
  21  2:44  Photon Cannon  
  21  2:53  Cybernetics Core  
  21  2:56  Probe  
  21  2:59  Assimilator  
  21  3:04  Probe  
  23  3:13  Probe  
  24  3:38  Stargate  
  24  3:39  Stargate  
  24  3:41  Shield Battery  
  24  3:46  Shield Battery  
  24  4:07  Nexus  
  24  4:35  Void Ray x2  
  32  4:54  Pylon  
  32  4:56  Assimilator  
  32  5:22  Void Ray  
  32  5:23  Void Ray  
  40  5:35  Shield Battery  
  40  5:41  Probe  
  40  5:49  Probe  
  42  5:57  Shield Battery  
  42  5:59  Probe  
  43  6:11  Probe  
  44  6:21  Probe, Void Ray x2  
  53  6:29  Probe  
  53  6:38  Probe  
  55  6:51  Probe  
  56  7:03  Probe  
  56  7:04  Void Ray  
  61  7:10  Pylon  
  61  7:15  Probe, Pylon  
  62  7:28  Void Ray, Probe, Pylon  
  67  7:44  Assimilator  
  67  7:53  Photon Cannon  
  67  7:56  Photon Cannon  
Tags
 
Matchup
PvZ
Replay Pack
10.7.19
Spawn Locations
Cross Positions
Add a new tag
Caveats
  • Supply blocks, unpowered buildings, or Contaminate may cause inaccurate times.
  • Supply counts are checked every 10 seconds.